Map: Pillars of Gold LE

Players

ViBE - Winner!

  • Race: Terran Terran
  • League: Bronze
  • Spawn Location: 1:00

LUCHO

  • Race: Protoss Protoss
  • League: Master
  • Spawn Location: 7:00

VOD

https://www.youtube.com/watch?v=VjhJ7E-kFgw&list=PLFeZeom2b4DnD3FIu7pzkXl51JX_WWz2h&index=2

Description

Time

  • Played on: March 10, 2021, 7:48 p.m.
  • Length: 14:44
Show
View Real Time Build Order
Export as new Build Order

ViBE Terran - Winner!

Build Orders:  

Get SALT Encoding   

  12  0:00  SCV  
  13  0:14  SCV  
  14  0:22  Supply Depot  
  14  0:26  SCV  
  15  0:43  SCV  
  15  0:47  Barracks  
  16  0:51  Refinery  
  16  0:55  SCV  
  17  1:08  SCV  
  18  1:20  SCV  
  19  1:35  Orbital Command  
  19  1:36  Marine  
  20  1:44  Command Center  
  20  1:56  Marine  
  20  1:57  Supply Depot  
  21  2:01  SCV  
  22  2:12  Factory  
  22  2:15  Barracks Reactor  
  22  2:20  SCV  
  23  2:36  SCV  
  24  2:49  SCV  
  25  2:54  Refinery  
  25  2:55  Marine x2  
  25  2:56  Factory Tech Lab  
  25  2:57  Barracks  
  27  3:01  Orbital Command  
  27  3:03  SCV  
  28  3:15  SCV  
  28  3:16  Siege Tank  
  28  3:17  Marine x2  
  34  3:28  SCV x2  
  36  3:39  Supply Depot  
  36  3:40  Supply Depot, SCV x2  
  38  3:46  Barracks Tech Lab, Starport  
  38  3:49  Marine x2  
  38  3:52  SCV x2  
  42  4:03  Supply Depot  
  42  4:04  SCV x2  
  42  4:05  Marine, Siege Tank  
  48  4:12  Marine  
  48  4:13  Marine  
  48  4:16  SCV x2  
  52  4:35  SCV x2  
  54  4:43  Marine x2  
  54  4:44  Marine  
  54  4:45  Starport Reactor  
  57  4:50  SCV x2  
  59  5:01  Marine x3, Siege Tank  
  59  5:02  SCV x2  
  67  5:09  Supply Depot  
  67  5:10  Supply Depot x3  
  67  5:16  SCV x2  
  69  5:25  Command Center  
  69  5:33  SCV x2  
  71  5:39  Refinery  
  71  5:40  Refinery  
  71  5:45  Marine x2  
  71  5:46  Marine, Stimpack  
  71  5:48  Medivac x2  
  78  5:50  SCV  
  78  5:51  SCV  
  80  6:10  SCV x2  
  82  6:17  Marine x3  
  85  6:20  Medivac x2, Hellion  
  85  6:22  SCV x2  
  93  6:31  Barracks  
  93  6:32  Infernal Pre-Igniter, Barracks x2  
  93  6:33  Armory  
  93  6:35  SCV x2  
  93  6:36  Marine x3  
  98  6:47  Engineering Bay x2  
  98  6:50  Hellion  
  98  6:52  SCV  
  98  6:53  SCV  
  98  6:54  Orbital Command  
  102  7:05  SCV x2, Supply Depot  
  102  7:06  Supply Depot  
  102  7:07  Marine x3  
  107  7:10  Medivac  
  107  7:11  Medivac  
  111  7:18  SCV x2  
  111  7:20  Barracks Reactor x3  
  113  7:24  Terran Infantry Armor Level 1, Terran Infantry Weapons Level 1  
  113  7:29  Terran Vehicle Weapons Level 1  
  113  7:32  Combat Shield  
  113  7:34  SCV x3  
  113  7:35  Marine x3  
  119  7:40  Hellion  
  121  7:52  SCV x3  
  121  7:53  Marine x2  
  121  7:54  Marine  
  121  7:55  Command Center  
  127  7:59  Refinery x2  
  127  8:01  Supply Depot x2  
  127  8:04  Marine, SCV x2, Supply Depot  
  127  8:05  Marine x3  
  133  8:11  Supply Depot  
  133  8:12  Smart Servos  
  133  8:22  Marine x5  
  133  8:23  Marine  
  133  8:24  Marine x3  
  142  8:38  Hellbat  
  142  8:39  Medivac x2  
  142  8:40  Marine x5  
  153  8:41  SCV  
  153  8:42  SCV x2  
  156  9:31  Marine  
  156  9:32  Marine x8  
  156  9:33  Hellbat, Medivac  
  156  9:34  Medivac  
  171  9:39  Planetary Fortress  
  171  9:46  SCV x3  
  171  9:48  Command Center  
  174  9:57  Terran Vehicle Weapons Level 2, Supply Depot  
  174  9:58  Supply Depot, Terran Infantry Weapons Level 2, SCV x2  
  174  9:59  SCV, Terran Infantry Armor Level 2  
  177  10:10  SCV  
  177  10:11  SCV x2  
  180  10:17  Supply Depot  
  180  10:18  Marine x8  
  180  10:19  Marine  
  180  10:20  SCV  
  190  10:22  SCV  
  190  10:23  SCV x2  
  193  10:36  Command Center  
  193  10:54  Starport  
  193  10:56  Factory  
  192  10:59  Barracks x2  
  192  11:02  Barracks x3  
  192  11:04  Barracks x2  
  192  11:10  Barracks  
  192  11:11  Barracks  
  192  11:13  Barracks  
  192  11:14  Barracks  
  192  11:17  Barracks  
  191  11:45  Factory Reactor, Starport Reactor  
  181  11:47  Medivac x2  
  181  11:49  Hellbat, Barracks Tech Lab  
  181  11:50  Barracks Tech Lab x2  
  181  11:52  Barracks Tech Lab  
  173  11:55  Barracks Reactor x3  
  173  11:56  Barracks Reactor  
  173  11:58  Marine x4, Marauder  
  173  11:59  Marine x4  
  178  12:01  Barracks Reactor x3  
  178  12:04  Barracks Reactor, Planetary Fortress  
  168  12:16  Marine x8  
  168  12:20  Marauder  
  177  12:23  Concussive Shells, Marauder  
  169  12:32  SCV x2  
  169  12:33  SCV  
  169  12:34  Marine  
  168  12:38  Command Center  
  168  12:39  Marine, Marauder  
  168  12:40  Marine x22, Marauder x2  
  168  12:41  Marauder  
  168  12:43  Hellbat  
  168  12:44  Hellbat  
  199  12:48  Medivac  
  199  12:51  SCV  
  200  12:57  Marine  
  200  12:58  Marine x2  
  198  13:07  Command Center  
  197  13:16  Medivac  
  197  13:17  Marine  
  197  13:19  Hellbat  
  199  13:20  Marine  
  199  13:27  Marine  
  194  13:34  Marine x5  
  194  13:35  Marine  
  194  13:37  Marine x7  
  198  13:46  Medivac  
  198  13:47  Medivac  
  195  13:49  Planetary Fortress  
  173  14:18  Marauder x2  
  173  14:19  Marauder x3, Command Center  
  173  14:20  Hellbat  
  173  14:21  Hellbat x2  
  189  14:26  Marine x3  
Show
View Real Time Build Order
Export as new Build Order

LUCHO Protoss 

Build Orders:  

Get SALT Encoding   

  12  0:01  Probe (Chrono Boost)  
  13  0:23  Pylon  
  14  0:28  Probe  
  14  0:40  Probe  
  15  0:44  Gateway  
  15  0:52  Probe  
  16  1:02  Forge  
  16  1:44  Cybernetics Core  
  16  1:48  Nexus  
  16  1:58  Assimilator  
  16  2:04  Photon Cannon  
  16  2:07  Zealot  
  18  2:11  Probe  
  19  2:23  Probe  
  20  2:35  Probe  
  21  2:52  Assimilator  
  21  2:55  Probe  
  22  3:02  Warp Gate  
  22  3:07  Probe  
  23  3:17  Pylon  
  24  3:20  Probe (Chrono Boost)  
  24  3:23  Probe (Chrono Boost)  
  24  3:26  Protoss Ground Weapons Level 1  
  25  3:32  Probe (Chrono Boost)  
  26  3:36  Stalker, Probe (Chrono Boost)  
  29  3:42  Probe (Chrono Boost)  
  31  3:52  Probe (Chrono Boost)  
  31  3:54  Probe (Chrono Boost)  
  32  3:59  Probe (Chrono Boost)  
  32  4:00  Probe (Chrono Boost)  
  34  4:08  Probe  
  35  4:11  Probe  
  36  4:23  Probe (Chrono Boost)  
  38  4:24  Probe (Chrono Boost)  
  38  4:34  Probe (Chrono Boost)  
  39  4:39  Probe x2 (Chrono Boost)  
  41  4:49  Probe  
  41  4:51  Probe  
  43  5:01  Protoss Air Weapons Level 1, Probe  
  43  5:03  Probe  
  43  5:04  Robotics Facility  
  45  5:14  Probe  
  46  5:15  Pylon  
  46  5:18  Pylon  
  46  5:33  Probe (Chrono Boost)  
  46  5:34  Probe (Chrono Boost)  
  46  5:35  Protoss Ground Armor Level 1  
  48  5:38  Assimilator  
  48  5:42  Assimilator  
  48  5:45  Probe (Chrono Boost)  
  50  5:51  Probe (Chrono Boost)  
  50  5:53  Probe (Chrono Boost)  
  50  5:55  Shield Battery  
  50  5:56  Shield Battery  
  51  5:57  Stalker, Probe  
  51  5:59  Probe  
  55  6:09  Probe  
  56  6:11  Probe  
  56  6:12  Immortal  
  61  6:21  Pylon  
  61  6:22  Pylon  
  61  6:23  Pylon  
  61  6:25  Pylon  
  59  6:26  Pylon  
  59  6:28  Pylon  
  57  6:38  Stalker  
  59  6:48  Stargate x2  
  59  6:53  Observer  
  60  7:10  Nexus  
  60  7:13  Pylon  
  60  7:14  Observer  
  61  7:16  Pylon  
  61  7:18  Pylon  
  61  7:27  Void Ray x2 (Chrono Boost)  
  61  7:35  Observer  
  70  7:42  Probe  
  71  7:54  Probe  
  71  7:55  Probe  
  73  7:58  Void Ray x2 (Chrono Boost)  
  73  8:06  Probe  
  73  8:07  Probe  
  83  8:15  Stalker  
  83  8:17  Protoss Shields Level 1  
  83  8:18  Probe  
  83  8:19  Probe  
  87  8:27  Probe  
  87  8:30  Probe  
  87  8:31  Probe  
  90  8:35  Protoss Air Armor Level 1  
  90  8:37  Void Ray x2 (Chrono Boost)  
  90  8:43  Assimilator  
  90  8:44  Probe  
  90  8:47  Assimilator  
  99  8:58  Stalker  
  102  9:02  Observer  
  102  9:10  Fleet Beacon  
  102  9:17  Twilight Council  
  102  9:26  Probe  
  103  9:35  Gateway  
  103  9:36  Gateway  
  103  9:38  Gateway  
  103  9:39  Void Ray x2 (Chrono Boost), Gateway  
  103  9:42  Gateway  
  111  10:15  Tempest x2  
  121  10:30  Charge  
  121  10:39  Stalker x4  
  121  10:40  Stalker  
  131  10:43  Nexus  
  131  10:46  Protoss Air Weapons Level 2  
  130  10:58  Tempest  
  130  11:04  Tempest  
  140  11:15  Stalker  
  140  11:16  Stalker x3  
  148  11:47  Tempest  
  105  12:13  Unknown  
  99  12:16  Zealot x4  
  99  12:17  Zealot x2  
  84  13:04  Zealot x3  
  84  13:05  Zealot x3  
  91  13:07  Tempest x2 (Chrono Boost)  
  86  13:26  Zealot x3  
  84  13:27  Zealot x3  
  81  13:43  Tempest x2  
  78  13:58  Stalker x2  
  78  13:59  Stalker x4  
  67  14:28  Stalker x4  
  67  14:29  Stalker x2  
Tags
 
Matchup
PvT
Player
ViBE
Replay Pack
Bronze_League
Spawn Locations
Cross Positions
Add a new tag
Caveats
  • Supply blocks, unpowered buildings, or Contaminate may cause inaccurate times.
  • Supply counts are checked every 10 seconds.